General information
- name: BNet
- type: Ladder team game (AT/RT)
- host: Battle.net
- saver: GoGurl
map: Deadlock
- players: 8
- length: 50:01
- speed: Fast
- version: 1.26 W3XP
- replay type: Public
» download(291 KB)
Players
team 1 (winner)
itisknown. (
orange | 56 APM | 2813 actions | 50:00)
7 Blademaster
3 Wind Walk
3 Critical Strike
1 Bladestorm
6 Shadow Hunter
3 Hex
2 Healing Wave
1 Big Bad Voodoo
» actions
| Assign group hotkey | 66 | |
| Basic commands | 57 | |
| Build / train | 83 | |
| Enter build submenu | 18 | |
| Enter hero's abilities submenu | 13 | |
| Give item / drop item | 4 | |
| Remove unit from queue | 1 | |
| Right click | 1410 | |
| Select / deselect | 265 | |
| Select group hotkey | 736 | |
| Use ability | 160 | |
2813 total
» units
» upgrades
| Reinforced Defenses | 1 | |
| Ranged Weapons | 2 | |
| Armor | 2 | |
| Envenomed Spears | 1 | |
6 total
» buildings
| Altar of Storms | 1 | |
| Orc Burrow | 6 | |
| War Mill | 1 | |
| Voodoo Lounge | 1 | |
| Watch Tower | 11 | |
| Stronghold | 2 | |
| Beastiary | 3 | |
| Fortress | 2 | |
| Great Hall | 1 | |
28 total
» build order
00:07 Altar of Storms
00:22 Orc Burrow
00:42 War Mill
01:16 Voodoo Lounge
01:55 Watch Tower
02:09 Watch Tower
03:35 Stronghold
04:03 Watch Tower
04:04 Watch Tower
04:04 Watch Tower
04:32 Orc Burrow
04:33 Orc Burrow
05:15 Watch Tower
05:16 Watch Tower
06:32 Beastiary
06:42 Beastiary
06:58 Orc Burrow
08:56 Fortress
08:57 Fortress
09:23 Great Hall
13:35 Orc Burrow
15:58 Beastiary
16:25 Watch Tower
16:25 Watch Tower
16:26 Watch Tower
16:26 Watch Tower
» items
| Healing Salve | 2 | |
| Lesser Clarity Potion | 3 | |
| Scroll of Town Portal | 6 | |
| Potion of Mana | 3 | |
| Potion of Healing | 3 | |
| Potion of Lesser Invulnerability | 1 | |
| Scroll of Healing | 1 | |
| Orb of Lightning | 1 | |
| Staff of Teleportation | 1 | |
21 total
GoGurl (
yellow | 54 APM | 2679 actions | 50:01)
11 Blademaster
3 Wind Walk
3 Critical Strike
2 Bladestorm
3 Mirror Image
» actions
| Assign group hotkey | 21 | |
| Basic commands | 148 | |
| Build / train | 105 | |
| Enter build submenu | 80 | |
| Enter hero's abilities submenu | 12 | |
| Give item / drop item | 6 | |
| Right click | 1057 | |
| Select / deselect | 521 | |
| Select group hotkey | 374 | |
| Use ability | 355 | |
2679 total
» units
| Peon | 18 | |
| Grunt | 4 | |
| Troll Batrider | 15 | |
| Wind Rider | 3 | |
| Demolisher | 3 | |
43 total
» upgrades
| Reinforced Defenses | 1 | |
| Ranged Weapons | 3 | |
| Armor | 3 | |
| Troll Regeneration | 1 | |
| Burning Oil | 1 | |
| Liquid Fire | 1 | |
| Ensnare | 1 | |
| Pillage | 1 | |
| Spiked Barricades | 2 | |
| Melee Weapons | 3 | |
| Berserker Upgrade | 1 | |
| Berserker Strength | 1 | |
| Envenomed Spears | 1 | |
| War Drums Damage Increase | 1 | |
21 total
» buildings
| Orc Burrow | 7 | |
| Altar of Storms | 1 | |
| Barracks | 4 | |
| Voodoo Lounge | 2 | |
| Stronghold | 1 | |
| War Mill | 3 | |
| Great Hall | 5 | |
| Watch Tower | 68 | |
| Fortress | 1 | |
| Beastiary | 6 | |
98 total
» build order
00:13 Orc Burrow
00:50 Orc Burrow
01:04 Altar of Storms
01:06 Barracks
01:38 Voodoo Lounge
01:44 Voodoo Lounge
02:40 Stronghold
03:53 Orc Burrow
03:56 War Mill
05:22 Great Hall
07:01 Watch Tower
07:01 Watch Tower
07:02 Watch Tower
07:03 Watch Tower
07:46 Watch Tower
07:48 Watch Tower
07:49 Watch Tower
07:50 Watch Tower
07:52 Fortress
08:08 Watch Tower
08:10 Watch Tower
08:30 Watch Tower
08:33 Watch Tower
09:45 War Mill
11:13 Watch Tower
11:13 Watch Tower
11:13 Watch Tower
11:18 Watch Tower
11:19 Watch Tower
11:19 Watch Tower
16:14 Beastiary
16:16 Beastiary
16:17 Beastiary
16:17 Beastiary
16:18 Beastiary
16:18 Beastiary
16:29 Orc Burrow
16:32 Orc Burrow
16:34 Orc Burrow
31:24 Great Hall
31:27 Watch Tower
31:28 Watch Tower
31:28 Watch Tower
31:29 Watch Tower
31:30 Watch Tower
31:31 Watch Tower
31:31 Watch Tower
31:31 Watch Tower
31:35 Watch Tower
31:35 Watch Tower
31:36 Watch Tower
31:36 Watch Tower
34:18 Orc Burrow
36:13 War Mill
36:22 Great Hall
36:24 Watch Tower
36:25 Watch Tower
36:25 Watch Tower
36:25 Watch Tower
36:28 Watch Tower
36:28 Watch Tower
36:29 Watch Tower
36:29 Watch Tower
37:22 Great Hall
37:25 Watch Tower
37:26 Watch Tower
37:26 Watch Tower
37:27 Watch Tower
37:28 Watch Tower
37:28 Watch Tower
37:32 Watch Tower
37:34 Watch Tower
37:34 Watch Tower
37:34 Watch Tower
37:35 Watch Tower
39:27 Great Hall
39:31 Watch Tower
39:31 Watch Tower
39:32 Watch Tower
39:32 Watch Tower
39:33 Watch Tower
39:33 Watch Tower
39:34 Watch Tower
39:34 Watch Tower
39:53 Watch Tower
39:54 Watch Tower
39:54 Watch Tower
39:54 Watch Tower
39:55 Watch Tower
39:56 Watch Tower
39:56 Watch Tower
39:57 Watch Tower
42:10 Barracks
42:33 Barracks
42:36 Barracks
» items
| Healing Salve | 5 | |
| Scroll of Town Portal | 5 | |
| Lesser Clarity Potion | 4 | |
| Potion of Mana | 5 | |
| Orb of Lightning | 1 | |
| Periapt of Vitality | 2 | |
| Potion of Healing | 2 | |
| Boots of Speed | 1 | |
25 total
Dharry13 (
green | 40 APM | 1780 actions | 45:01)
7 Archmage
3 Summon Water Elemental
3 Brilliance Aura
1 Mass Teleport
» actions
| Basic commands | 118 | |
| Build / train | 152 | |
| Enter build submenu | 82 | |
| Enter hero's abilities submenu | 7 | |
| Remove unit from queue | 1 | |
| Right click | 564 | |
| Select / deselect | 737 | |
| Use ability | 119 | |
1780 total
» units
| Peasant | 26 | |
| Footman | 21 | |
| Mortar Team | 7 | |
| Siege Engine | 10 | |
| Knight | 34 | |
98 total
» upgrades
| Plating | 3 | |
| Lumber Harvesting | 2 | |
| Gunpowder | 3 | |
| Masonry | 3 | |
| Swords | 2 | |
| Armor | 1 | |
| Barrage | 1 | |
| Fragmentation Shards | 1 | |
| Animal War Training | 1 | |
| Priest Training | 1 | |
| Sorceress Training | 0 | |
18 total
» buildings
| Barracks | 4 | |
| Altar of Kings | 3 | |
| Farm | 16 | |
| Blacksmith | 2 | |
| Town Hall | 4 | |
| Lumber Mill | 1 | |
| Keep | 1 | |
| Scout Tower | 30 | |
| Guard Tower | 19 | |
| Workshop | 7 | |
| Castle | 1 | |
| Arcane Vault | 1 | |
| Arcane Sanctum | 1 | |
| Arcane Tower | 1 | |
91 total
» build order
00:15 Barracks
00:23 Altar of Kings
00:36 Farm
01:12 Farm
01:24 Farm
02:07 Farm
02:51 Farm
03:54 Blacksmith
03:58 Blacksmith
04:10 Town Hall
04:23 Lumber Mill
05:34 Keep
07:36 Scout Tower
08:13 Scout Tower
08:33 Guard Tower
08:45 Guard Tower
08:46 Scout Tower
09:16 Scout Tower
09:35 Workshop
09:38 Workshop
10:00 Scout Tower
10:02 Guard Tower
10:24 Farm
10:38 Scout Tower
10:46 Workshop
12:03 Scout Tower
12:39 Scout Tower
12:40 Guard Tower
13:21 Guard Tower
13:24 Scout Tower
13:31 Castle
13:38 Scout Tower
14:10 Scout Tower
14:21 Arcane Vault
14:38 Workshop
14:46 Workshop
14:51 Scout Tower
15:09 Scout Tower
15:27 Farm
15:43 Barracks
16:14 Farm
17:13 Guard Tower
17:52 Guard Tower
17:53 Guard Tower
17:58 Guard Tower
22:52 Town Hall
23:18 Scout Tower
23:22 Scout Tower
23:25 Scout Tower
23:27 Scout Tower
24:00 Farm
24:01 Guard Tower
24:04 Scout Tower
24:29 Farm
24:32 Farm
25:16 Workshop
26:15 Workshop
26:48 Scout Tower
26:49 Guard Tower
26:51 Scout Tower
27:16 Guard Tower
27:30 Guard Tower
28:33 Town Hall
30:28 Scout Tower
30:42 Barracks
30:59 Scout Tower
31:30 Scout Tower
31:56 Scout Tower
31:58 Guard Tower
32:04 Guard Tower
32:23 Guard Tower
32:25 Scout Tower
32:49 Scout Tower
33:48 Guard Tower
35:43 Scout Tower
35:47 Barracks
36:14 Guard Tower
36:16 Scout Tower
36:43 Guard Tower
36:57 Farm
38:34 Farm
39:16 Farm
40:57 Arcane Sanctum
41:37 Altar of Kings
42:21 Scout Tower
42:26 Scout Tower
42:46 Farm
42:56 Arcane Tower
44:12 Altar of Kings
44:21 Town Hall
44:23 Farm
» items
| Scroll of Town Portal | 2 | |
| Ivory Tower | 3 | |
5 total
D-C (
purple | 23 APM | 1059 actions | 45:48)
6 Far Seer
3 Feral Spirit
3 Chain Lighting
» actions
| Basic commands | 2 | |
| Build / train | 86 | |
| Enter build submenu | 24 | |
| Enter hero's abilities submenu | 6 | |
| Remove unit from queue | 3 | |
| Right click | 483 | |
| Select / deselect | 383 | |
| Use ability | 72 | |
1059 total
» units
| Peon | 24 | |
| Grunt | 5 | |
| Troll Headhunter/Berserker | 12 | |
| Wind Rider | 18 | |
| Shaman | 6 | |
| Kodo Beast | 2 | |
67 total
» upgrades
| Armor | 1 | |
| Ranged Weapons | 2 | |
| Melee Weapons | 1 | |
| Envenomed Spears | 1 | |
| Shaman Training | 2 | |
| Troll Regeneration | 1 | |
8 total
» buildings
| Orc Burrow | 9 | |
| Altar of Storms | 2 | |
| Barracks | 1 | |
| War Mill | 1 | |
| Stronghold | 1 | |
| Great Hall | 3 | |
| Beastiary | 1 | |
| Fortress | 1 | |
| Spirit Lodge | 1 | |
20 total
» build order
00:06 Orc Burrow
00:08 Altar of Storms
01:04 Barracks
01:29 War Mill
02:00 Orc Burrow
02:57 Orc Burrow
03:55 Stronghold
05:12 Great Hall
05:55 Orc Burrow
06:29 Beastiary
09:31 Fortress
09:55 Spirit Lodge
17:41 Great Hall
17:54 Orc Burrow
18:58 Altar of Storms
22:22 Orc Burrow
23:36 Orc Burrow
25:23 Orc Burrow
28:15 Orc Burrow
29:21 Great Hall
team 2 (loser)
lIlIlIllIIllllI (
teal | 101 APM | 5042 actions | 50:00)
10 Archmage
3 Summon Water Elemental
3 Brilliance Aura
1 Mass Teleport
3 Blizzard
» actions
| Assign group hotkey | 148 | |
| Basic commands | 115 | |
| Build / train | 136 | |
| ESC pressed | 2 | |
| Enter build submenu | 49 | |
| Enter hero's abilities submenu | 10 | |
| Give item / drop item | 5 | |
| Remove unit from queue | 1 | |
| Right click | 2186 | |
| Select / deselect | 533 | |
| Select group hotkey | 1583 | |
| Use ability | 274 | |
5042 total
» units
| Peasant | 14 | |
| Footman | 6 | |
| Rifleman | 9 | |
| Sorceress | 5 | |
| Priest | 3 | |
| Mortar Team | 6 | |
43 total
» upgrades
| Masonry | 3 | |
| Gunpowder | 3 | |
| Armor | 3 | |
| Long Rifles | 1 | |
| Sorceress Training | 2 | |
| Lumber Harvesting | 2 | |
| Priest Training | 2 | |
| Plating | 3 | |
| Fragmentation Shards | 1 | |
| Flare | 1 | |
| Swords | 2 | |
23 total
» buildings
| Altar of Kings | 1 | |
| Barracks | 2 | |
| Farm | 11 | |
| Lumber Mill | 1 | |
| Arcane Vault | 2 | |
| Town Hall | 3 | |
| Keep | 1 | |
| Scout Tower | 23 | |
| Guard Tower | 20 | |
| Castle | 3 | |
| Arcane Sanctum | 2 | |
| Blacksmith | 1 | |
| Workshop | 2 | |
72 total
» build order
00:58 Altar of Kings
01:01 Barracks
01:08 Farm
01:12 Farm
01:26 Farm
01:55 Farm
02:15 Lumber Mill
02:37 Arcane Vault
02:59 Farm
04:13 Town Hall
05:41 Keep
06:33 Scout Tower
06:33 Scout Tower
06:34 Scout Tower
06:35 Scout Tower
06:36 Scout Tower
07:53 Guard Tower
08:02 Scout Tower
08:12 Castle
08:13 Castle
08:13 Castle
08:46 Barracks
08:48 Arcane Sanctum
08:52 Blacksmith
11:03 Farm
11:05 Farm
11:53 Scout Tower
11:54 Scout Tower
11:55 Scout Tower
11:57 Scout Tower
13:23 Guard Tower
13:23 Guard Tower
13:23 Guard Tower
13:32 Scout Tower
13:33 Scout Tower
13:34 Scout Tower
13:35 Scout Tower
14:08 Guard Tower
14:08 Guard Tower
14:45 Guard Tower
14:56 Guard Tower
19:23 Farm
19:25 Farm
19:34 Arcane Sanctum
20:06 Workshop
20:07 Workshop
21:04 Farm
21:05 Farm
23:04 Town Hall
23:07 Scout Tower
23:08 Scout Tower
23:09 Scout Tower
23:10 Scout Tower
23:13 Scout Tower
23:14 Scout Tower
23:16 Scout Tower
23:16 Scout Tower
23:17 Scout Tower
23:58 Guard Tower
23:58 Guard Tower
24:06 Guard Tower
24:06 Guard Tower
24:07 Guard Tower
24:07 Guard Tower
24:57 Guard Tower
28:05 Arcane Vault
38:18 Town Hall
» items
| Staff of Teleportation | 1 | |
| Scroll of Regeneration | 9 | |
| Scroll of Town Portal | 2 | |
| Lesser Clarity Potion | 1 | |
| Staff of Sanctuary | 1 | |
| Mechanical Critter | 3 | |
17 total

»
X-X (
pink | 53 APM | 1709 actions | 32:10)
5 Dreadlord
3 Sleep
1 Carrion Swarm
1 Inferno
4 Death Knight
1 Death Coil
1 Animate Dead
1 Unholy Aura
1 Death Pact
» actions
| Assign group hotkey | 25 | |
| Basic commands | 39 | |
| Build / train | 85 | |
| Enter build submenu | 26 | |
| Enter hero's abilities submenu | 10 | |
| Remove unit from queue | 4 | |
| Right click | 850 | |
| Select / deselect | 375 | |
| Select group hotkey | 214 | |
| Use ability | 81 | |
1709 total
» units
| Acolyte | 18 | |
| Ghoul | 9 | |
| Frost Wyrm | 18 | |
45 total
» upgrades
| Creature Attack | 3 | |
| Creature Carapace | 3 | |
| Freezing Breath | 1 | |
7 total
» buildings
| Altar of Darkness | 1 | |
| Ziggurat | 12 | |
| Crypt | 1 | |
| Graveyard | 1 | |
| Halls of the Dead | 1 | |
| Spirit Tower | 6 | |
| Nerubian Tower | 2 | |
| Black Citadel | 3 | |
| Sacrificial Pit | 1 | |
| Tomb of Relics | 1 | |
| Boneyard | 4 | |
33 total
» build order
00:22 Altar of Darkness
00:24 Ziggurat
00:37 Crypt
01:38 Ziggurat
01:39 Ziggurat
01:55 Graveyard
05:24 Ziggurat
05:26 Ziggurat
05:27 Ziggurat
05:32 Ziggurat
05:38 Halls of the Dead
06:09 Ziggurat
06:11 Ziggurat
06:21 Spirit Tower
06:22 Nerubian Tower
06:23 Spirit Tower
06:28 Spirit Tower
06:48 Ziggurat
07:08 Spirit Tower
07:08 Spirit Tower
07:56 Nerubian Tower
07:59 Black Citadel
07:59 Black Citadel
08:15 Sacrificial Pit
08:20 Tomb of Relics
11:16 Boneyard
11:18 Boneyard
11:24 Boneyard
13:22 Boneyard
13:35 Ziggurat
23:19 Ziggurat
» items
| Potion of Lesser Invulnerability | 1 | |
| Periapt of Vitality | 1 | |
| Potion of Healing | 1 | |
| Potion of Mana | 2 | |
5 total
RandomAngryAnu5 (
red | 57 APM | 1934 actions | 33:56)
5 Priestess of the Moon
2 Searing Arrows
3 Trueshot Aura
1 Death Knight
1 Unholy Aura
» actions
| Assign group hotkey | 37 | |
| Basic commands | 32 | |
| Build / train | 93 | |
| Enter build submenu | 25 | |
| Enter hero's abilities submenu | 6 | |
| Remove unit from queue | 10 | |
| Right click | 947 | |
| Select / deselect | 313 | |
| Select group hotkey | 430 | |
| Use ability | 41 | |
1934 total
» units
| Wisp | 20 | |
| Huntress | 11 | |
| Archer | 12 | |
| Crypt Fiend | 2 | |
| Hippogryph | 22 | |
| Dryad | -4 | |
63 total
» upgrades
| Strength of the Wild | 2 | |
| Reinforced Hides | 2 | |
| Improved Bows | 1 | |
| Marksmanship | 1 | |
| Hippogryph Taming | 1 | |
| Well Spring | 1 | |
8 total
» buildings
| Altar of Elders | 1 | |
| Moon Well | 9 | |
| Ancient of War | 2 | |
| Hunter's Hall | 1 | |
| Ancient Protector | 9 | |
| Ancient of Wonders | 2 | |
| Tree of Ages | 1 | |
| Ancient of Wind | 2 | |
| Tree of Life | 2 | |
| Tree of Eternity | 1 | |
| Ancient of Lore | 1 | |
31 total
» build order
00:33 Altar of Elders
00:39 Moon Well
01:08 Ancient of War
01:35 Moon Well
02:17 Hunter's Hall
02:33 Ancient of War
02:49 Moon Well
02:58 Moon Well
03:03 Moon Well
03:40 Ancient Protector
04:08 Ancient of Wonders
04:19 Ancient Protector
05:58 Ancient Protector
08:15 Tree of Ages
12:21 Ancient of Wind
12:27 Ancient of Wind
13:44 Moon Well
13:49 Moon Well
14:24 Moon Well
14:26 Moon Well
19:57 Tree of Life
20:57 Tree of Eternity
22:01 Ancient Protector
22:02 Ancient Protector
22:04 Ancient Protector
22:05 Ancient Protector
22:06 Ancient Protector
30:42 Tree of Life
31:09 Ancient Protector
31:25 Ancient of Lore
32:13 Ancient of Wonders
» items
| Moonstone | 1 | |
| Dust of Appearance | 1 | |
| Scroll of Town Portal | 1 | |
3 total
LocKup1naCaG3 (
blue | 37 APM | 476 actions | 12:56)
3 Death Knight
2 Death Coil
1 Unholy Aura
2 Lich
1 Frost Nova
1 Frost Armor
» actions
| Build / train | 34 | |
| Enter build submenu | 9 | |
| Enter hero's abilities submenu | 5 | |
| Right click | 269 | |
| Select / deselect | 125 | |
| Use ability | 34 | |
476 total
» units
| Acolyte | 3 | |
| Ghoul | 3 | |
| Crypt Fiend | 7 | |
13 total
» upgrades
| Creature Attack | 2 | |
| Creature Carapace | 2 | |
| Web | 1 | |
5 total
» buildings
| Graveyard | 1 | |
| Crypt | 1 | |
| Altar of Darkness | 1 | |
| Ziggurat | 4 | |
| Tomb of Relics | 1 | |
| Nerubian Tower | 1 | |
| Halls of the Dead | 1 | |
| Spirit Tower | 1 | |
| Sacrificial Pit | 1 | |
| Black Citadel | 1 | |
13 total
» build order
00:11 Graveyard
00:17 Crypt
00:55 Altar of Darkness
01:17 Ziggurat
01:26 Tomb of Relics
01:49 Ziggurat
02:26 Nerubian Tower
04:15 Halls of the Dead
05:00 Ziggurat
06:27 Spirit Tower
07:23 Ziggurat
08:24 Sacrificial Pit
10:00 Black Citadel
» items
| Dust of Appearance | 1 | |
| Rod of Necromancy | 1 | |
| Potion of Lesser Invulnerability | 1 | |
| Scroll of Protection | 1 | |
| Scroll of Town Portal | 1 | |
5 total
Chat log
(00:15 / All) itisknown.: what is a lock up in a gag3
(00:24 / All) lIlIlIllIIllllI: who's bob
(00:27 / All) lIlIlIllIIllllI: forgot to add him
(00:31 / All) GoGurl: It's where you're reaming another guy in the shower
(00:32 / All) itisknown.: he here
(00:37 / All) GoGurl: and you reach around
(00:43 / All) GoGurl: and stroke his penis too
(00:49 / All) itisknown.: yellow
(00:53 / All) itisknown.: how would u know
(00:59 / All) GoGurl: IT IS KNOWN
(01:21 / All) GoGurl: I read it on urbandictionary 2 years ago
(02:26 / Allies) GoGurl: 100 gold plez
(02:41 / Allies) GoGurl: many thx
(03:12 / All) itisknown.: dk fiends what a shock
(06:01 / Allies) GoGurl: put it just outside of expo I'm creeping
(07:41 / Allies) itisknown.: lets rape blue soon
(08:14 / All) GoGurl: getting delay
(08:15 / All) GoGurl: and lag
(09:04 / All) GoGurl: just me lagging?
(09:11 / All) lIlIlIllIIllllI: I see no lag
(10:31 / All) GoGurl: ill advised lol
(11:23 / All) itisknown.: faggot try hard blue
(11:49 / All) LocKup1naCaG3: eat some loads and calm down oj
(11:57 / All) itisknown.: raped ur hero 3 time already lawl
(12:38 / All) GoGurl: smell ya later
(12:45 / All) X-X: that was worth your whole army?
(12:49 / All) GoGurl: |lol
(12:51 / All) GoGurl: 4 grunts
(12:56 / All) GoGurl: I'll keep those all game!
(13:04 / All) GoGurl: No I'd probably kill them off with my own towers
(13:06 / All) GoGurl: LOL
(13:06 / All) itisknown.: blue raged
(13:10 / All) GoGurl: you saved me the hassel
(13:48 / Allies) Dharry13: wood?
(14:13 / Allies) itisknown.: bring his potm out
(14:39 / All) lIlIlIllIIllllI: Red is a lumber hoarder
(14:42 / All) lIlIlIllIIllllI: won't wood me at all
(14:46 / All) lIlIlIllIIllllI: and has over 1k
(14:54 / All) RandomAngryAnu5: mb
(16:37 / Allies) GoGurl: getting bats
(17:00 / Allies) GoGurl: upgrade tower
(17:14 / Allies) GoGurl: lumber me jake
(17:20 / Allies) GoGurl: lumber me purple
(17:57 / All) X-X: pretty useful orange
(18:13 / Allies) GoGurl: tp jake
(18:28 / Allies) GoGurl: back up in the base
(18:29 / Allies) GoGurl: and I tp with bats
(20:03 / Allies) GoGurl: unsleep me
(21:29 / All) itisknown.: quit using blue ot heal ur ass
(22:12 / Allies) GoGurl: unsleep me
(22:17 / All) GoGurl: sleep is most annoying
(22:19 / All) GoGurl: spellin the fucking
(22:28 / All) GoGurl: lucky lawl
(22:41 / All) GoGurl: welll I was about to bladestorm
(22:42 / All) GoGurl: then sleep
(22:44 / All) GoGurl: and no means to unsleep
(22:49 / All) GoGurl: It lasts way too long
(23:00 / Allies) GoGurl: Shut up faggot
(23:05 / Allies) itisknown.: lol
(23:09 / Allies) D-C: fuck no bats hit twice as hard
(23:16 / All) GoGurl: Jacob is literally retarded
(23:22 / All) GoGurl: to beat wyrms and fiends
(23:25 / All) GoGurl: he suggests I not go bats
(23:27 / All) GoGurl: but wyverns
(23:28 / All) GoGurl: LOL
(23:29 / All) lIlIlIllIIllllI: lawl
(23:34 / All) GoGurl: and called mea retard
(23:38 / All) itisknown.: yes
(23:52 / All) GoGurl: Dumbass bats kill the wyrms then wyverns mop up the fiends
(24:05 / All) itisknown.: al lthe wyverms were still alive
(24:20 / All) GoGurl: you're retarded
(24:29 / All) itisknown.: stfu and tell me wha tto do we do tp green?
(24:33 / Allies) GoGurl: yes
(25:41 / All) itisknown.: raped
(25:43 / All) itisknown.: Faggot
(25:49 / All) itisknown.: suck my dick pink
(25:50 / All) itisknown.: u nigger
(25:52 / Allies) GoGurl: bring tnaks
(26:04 / Allies) Dharry13: they r gone
(26:11 / Allies) GoGurl: you got 2
(26:16 / All) itisknown.: i said bats suck cuz they are all dead twice now
(26:20 / All) itisknown.: my wyvern never died bob
(26:26 / All) GoGurl: Alright
(26:36 / All) itisknown.: ask pink does he fear bats or wyverns mor
(26:39 / All) itisknown.: he would say wyverns
(26:44 / All) GoGurl: pink which do you fair more
(26:51 / All) GoGurl: batsd which combust
(26:52 / All) itisknown.: fear*
(26:53 / All) GoGurl: or wyverns
(27:02 / All) itisknown.: he sint talking
(27:05 / All) GoGurl: typo faggot
(27:35 / All) itisknown.: ruthless rod #1
(27:56 / All) itisknown.: wow pinks expo stil laive
(27:58 / All) itisknown.: tht cunt
(28:53 / Allies) GoGurl: tp
(28:59 / All) itisknown.: im there
(29:58 / All) itisknown.: pink out
(30:00 / All) itisknown.: out pink
(30:38 / All) lIlIlIllIIllllI: Pink says he's AFK
(30:42 / All) X-X: no money
(30:43 / All) X-X: no expo
(30:45 / All) X-X: teal ran
(30:46 / All) X-X: Games over
(30:48 / All) lIlIlIllIIllllI: no skill
(30:49 / All) X-X: fuucker running around mid
(30:51 / All) X-X: while red gets killed
(30:52 / All) lIlIlIllIIllllI: you need skill, pink
(30:53 / All) X-X: red gets caught
(30:55 / All) itisknown.: LOL
(30:57 / All) itisknown.: PINK MAD
(30:59 / All) itisknown.: CUZ HE HAD
(31:01 / All) lIlIlIllIIllllI: you need to learn to make units other than wyrms and fiends
(31:02 / All) lIlIlIllIIllllI: dude
(31:07 / All) X-X: this team only talking about me teal
(31:09 / All) X-X: see your nothing
(31:13 / All) X-X: im the only one fuucking nigggers up
(31:18 / All) X-X: they like pink mad pink this pink that
(31:22 / All) X-X: they like who the fuuck is teal
(31:24 / All) X-X: run around doing nothing
(31:25 / All) itisknown.: lol
(31:26 / All) lIlIlIllIIllllI: my man
(31:26 / All) X-X: ytou stupid niggger
(31:28 / All) X-X: HAHAHAHAHAHA
(31:29 / All) X-X: HAHAHAHAHAHA
(31:30 / All) lIlIlIllIIllllI: it's ok to believe :-)
(31:31 / All) itisknown.: pink got raped hardddddddddddddddddd
(31:33 / All) X-X: pink mad pink this pink that
(31:35 / All) X-X: pink got raped
(31:38 / All) X-X: all they give a fuuck about
(31:39 / All) X-X: is pink
(31:41 / All) X-X: BC IM EVBERYHTING
(31:43 / All) GoGurl: no one fears wyvs tier 3
(31:43 / All) X-X: YOU LITTLE NIGGGER
(31:44 / All) X-X: HAHAHA
(31:45 / All) X-X: HAHAHAHAH
(31:46 / All) GoGurl: everytone fears bats always
(31:46 / All) lIlIlIllIIllllI: yeah you're mad and taking a pretty bad anal bruising :/
(31:51 / All) X-X: HAHA
(31:51 / All) lIlIlIllIIllllI: so we're all pointing it out
(31:55 / All) lIlIlIllIIllllI: don't worry though it's ok man
(31:58 / All) lIlIlIllIIllllI: i can carry you pink
(32:00 / All) itisknown.: teal was ur mvp
(32:01 / All) GoGurl: What is comust faggot jake
(32:05 / All) X-X: im dead
(32:07 / All) X-X: And watch my score
(32:10 / All) lIlIlIllIIllllI: mine is higher
(32:12 / All) GoGurl: combust* sorry I typoed you fucking sperg
(32:15 / All) GoGurl: Yeah
(32:18 / All) GoGurl: They give no exp
(32:21 / All) GoGurl: and do more damage
(32:27 / All) GoGurl: wyvs easy to counter
(32:29 / All) itisknown.: hes gonna be last cuz of only one hero
(32:44 / All) lIlIlIllIIllllI: I wish my team had more skills
(32:51 / All) lIlIlIllIIllllI: I have a pretty noob team
(32:54 / All) lIlIlIllIIllllI: tbh
(33:18 / All) itisknown.: i am def top score on my team
(33:28 / All) GoGurl: cuz two heroes
(34:02 / All) lIlIlIllIIllllI: I didn't lose 1 unit, green
(34:12 / All) Dharry13: i have tanks
(34:20 / All) lIlIlIllIIllllI: I have units that attack other units than buildings
(34:56 / Allies) itisknown.: ur fine
(35:31 / Allies) Dharry13: come save me wtf
(36:14 / Allies) itisknown.: ;p;
(36:26 / Allies) itisknown.: if u expo entire map yes ur gonna get top score
(36:40 / All) lIlIlIllIIllllI: nice try green
(37:48 / All) lIlIlIllIIllllI: hmmm
(37:49 / All) lIlIlIllIIllllI: nice
(37:52 / All) lIlIlIllIIllllI: you killed 1 rifleman
(37:57 / All) lIlIlIllIIllllI: getting better, green, my man
(38:20 / All) itisknown.: LOVE TAP TIME
(39:51 / Allies) Dharry13: ?
(40:33 / All) lIlIlIllIIllllI: hmmm
(40:36 / All) lIlIlIllIIllllI: it was a nice try, green
(41:05 / All) Dharry13: yellow is helping you
(41:14 / All) lIlIlIllIIllllI: ahh, whatever excuse you want green :)
(41:20 / All) lIlIlIllIIllllI: it's ok man, I beat you fair and square though
(41:22 / Allies) GoGurl: nice one
(41:24 / All) lIlIlIllIIllllI: no need to make things up my dude :)
(42:34 / All) itisknown.: ill wc3 on then
(42:55 / All) lIlIlIllIIllllI: green it's okay my man you lost fair and square
(42:57 / All) lIlIlIllIIllllI: it was a nice try
(43:22 / All) lIlIlIllIIllllI: nice cancel on that tower green my man
(43:30 / All) lIlIlIllIIllllI: but you won't need those resources anyway my dude
(43:35 / All) lIlIlIllIIllllI: ;-(
(43:44 / All) GoGurl: BATMAN FOREVER
(43:44 / Allies) D-C: lol holy fuck you cock sucking cunt
(43:56 / Allies) Dharry13: gj yellow
(43:58 / All) lIlIlIllIIllllI: no peasants will escape green, my man
(44:06 / All) lIlIlIllIIllllI: no need to play like an AI my dude
(44:19 / All) D-C: lol got yellow tking everything
(44:22 / All) GoGurl: BATMAN FOREVER
(44:31 / All) GoGurl: YOU GO GURL
(44:33 / All) D-C: and you guys aint fag fuck friends
(45:32 / All) GoGurl: BATMAN FOREVER
(45:46 / All) D-C: fucking fags man lol
(46:15 / All) GoGurl: BATMAN FOREVER
(46:48 / All) GoGurl: 3 reals lose or stats?
(46:55 / All) GoGurl: do we have history with green
(46:57 / All) lIlIlIllIIllllI: hang on
(46:59 / All) GoGurl: name seems familiar
(46:59 / All) lIlIlIllIIllllI: chatting with pink
(48:39 / All) lIlIlIllIIllllI: lawl
(48:42 / All) lIlIlIllIIllllI: pink is funny
(49:20 / All) GoGurl: they thought I was tking jake
(49:24 / All) GoGurl: when he was attacking me lol
(49:59 / All) lIlIlIllIIllllI: my team lose